 Dungeon Crawl Stone Soup version 0.29.1-13-g9f3cf754e1 (webtiles) character file.

Game seed: 17628906185159319396

65 Oxelix the Trooper (level 3, -5/30 HPs)
             Began as a Demonspawn Fighter on Jan 29, 2023.
             Slain by a gnoll
             ... wielding a +0 flail
              (10 damage)
             ... on level 2 of the Dungeon.
             The game lasted 00:01:25 (1376 turns).

Oxelix the Trooper (Demonspawn Fighter)             Turns: 1376, Time: 00:01:26

Health: -5/30      AC:  6    Str: 18    XL:     3   Next: 92%
Magic:  3/3        EV: 11    Int:  9    God:
Gold:   131        SH:  4    Dex: 12    Spells: 2/2 levels left

rFire   . . .      SeeInvis .   a - +0 war axe
rCold   . . .      Faith    .   c - +0 buckler
rNeg    . . .      Spirit   .   b - +0 scale mail
rPois   .          Reflect  .   (no helmet)
rElec   .          Harm     .   (no cloak)
rCorr   .          Rampage  .   (no gloves)
Will    .....                   (no boots)
Stlth   ..........              (no amulet)
HPRegen 0.10/turn               (no ring)
MPRegen 0.08/turn               (no ring)

@: no status effects
A: repulsion field 1
a: no special abilities


You were on level 2 of the Dungeon.
You visited 1 branch of the dungeon, and saw 2 of its levels.

You collected 131 gold pieces.

Inventory:

Hand Weapons
 a - a +0 war axe (weapon)
Armour
 b - a +0 scale mail (worn)
 c - a +0 buckler (worn)
Scrolls
 e - a scroll of vulnerability {unknown}
 f - 3 scrolls of butterflies {unknown}
 h - a scroll of enchant armour {unknown}
 i - a scroll of identify {unknown}
 j - 3 scrolls of noise {unknown}
 m - 2 scrolls of poison {unknown}
Potions
 d - a potion of might
 g - a potion of magic {unknown}
 k - a potion of invisibility {unknown}
 l - a potion of mutation {unknown}
 n - a potion of lignification {unknown}


   Skills:
 + Level 3.7 Fighting
 * Level 3.3 Axes
 - Level 2.6 Armour
 - Level 2.6 Shields


You had 2 spell levels left.
You didn't know any spells.
Your spell library was empty.

Dungeon Overview and Level Annotations

Branches:
Dungeon (2/15)

Altars:


Innate Abilities, Weirdness & Mutations

You are surrounded by a mild repulsion field. (EV +2)


Message History

You completely miss the endoplasm. The endoplasm freezes you.
You are frozen.
The endoplasm freezes you.
You are frozen.
The hobgoblin hits you but does no damage.
You slash the endoplasm!
You kill the endoplasm!
You hit the hobgoblin but do no damage. The hobgoblin closely misses you.
Found 10 gold pieces.
The hobgoblin hits you. The hobgoblin barely misses you.
You barely miss the hobgoblin.
The hobgoblin hits you but does no damage.
You slash the hobgoblin!
You kill the hobgoblin!
You now have 131 gold pieces (gained 10).
n - a lumpy clear potion As you open the door, it creaks loudly!
A worm and 2 gnolls come into view.
The gnoll shouts! x2
Found a scroll labelled SUIH REAXTYDUBY.
A gnoll comes into view. It is wielding a +0 club.
There is an open door here.
The gnoll shouts!
The gnoll barely misses you. The gnoll hits you but does no damage.
You barely miss the gnoll. You hit the gnoll. The gnoll misses you.
The gnoll hits you with a +0 spear.
You closely miss the gnoll. You hit the gnoll but do no damage.
You hit the worm. The gnoll hits you with a +0 flail!
The gnoll hits you with a +0 spear. The worm bites you.
You slash the gnoll!
The gnoll is severely wounded.
You hit the gnoll. You barely miss the gnoll. You hit the worm.
The gnoll hits you with a +0 flail.
* * * LOW HITPOINT WARNING * * *
You block the gnoll's attack. The gnoll hits you but does no damage.
The gnoll hits you with a +0 spear.
* * * LOW HITPOINT WARNING * * *
The gnoll hits you with a +0 flail!
You die...

#.#.... #####.###..
#......#### ##########
#......# .........#
#......#### .........#
###........ .........#
#.#.#####
......gw.#######.#......
..?...g@.'.....#.######.
......g..#####.#.# #.
.........# #.#.######.
########## #.#........
#.#######.# #..........
#########.# #.. ###


You could see a worm and 3 gnolls.

Vanquished Creatures
  2 adders (D:2)
  A gnoll (D:1)
  3 dart slugs (D:1)
  3 ball pythons (D:1)
  4 endoplasms
  A giant cockroach (D:1)
  4 hobgoblins
  3 quokkas
  A bat (D:1)
  4 goblins
  2 kobolds (D:1)
  2 rats (D:1)
30 creatures vanquished.

Notes
Turn   | Place    | Note
-------+----------+-------------------------------------------
     0 | D:1      | Oxelix the Demonspawn Fighter began the quest for the Orb.
     0 | D:1      | Reached XP level 1. HP: 18/18 MP: 1/1
   184 | D:1      | Gained mutation: You are surrounded by a mild repulsion
                  | field. (EV +2) [demonic ancestry]
   184 | D:1      | Reached XP level 2. HP: 24/24 MP: 2/2
   288 | D:1      | Reached XP level 3. HP: 29/29 MP: 3/3
   577 | D:1      | Found a faded altar of an unknown god.
  1376 | D:2      | Slain by a gnoll

Illustrated notes

Levels and vault maps discovered:
D:1:      dpeg_arrival_rooms_with_view, layout_rooms,
          chequers_ecumenical_altar_grove, nicolae_titane
D:2:      layout_basic, basic_altar, grunt_ministairs_2

Skill      XL: |  1  2  3 |
---------------+----------+-----
Axes           | 2 3 |  3.3
Fighting       | |  3.7
Armour         | |  2.6
Shields        | |  2.6

Action                   || total
-------------------------++-------
Melee: War axe           ||    81
Armor: Scale mail        ||    31
Dodge: Dodged            ||    46
Block: Buckler           ||    18
